 Seeded DCSS version 0.29-a0-369-gd956c00756 (webtiles) character file.

Game seed: 1459 (custom seed)

7 joe1234567 the Skirmisher (level 1, 0/18 HPs)
             Began as a Mummy Cinder Acolyte on May 1, 2022.
             Was a High Priest of Ignis.
             Slain by a gnoll
             ... wielding a +0 spear
              (3 damage)
             ... on level 2 of the Dungeon.
             The game lasted 00:04:02 (524 turns).

joe1234567 the Skirmisher (Mummy Cinder Acolyte)     Turns: 524, Time: 00:04:03

Health: 0/18       AC:  3    Str: 17    XL:     1   Next: 91%
Magic:  2/2        EV:  9    Int: 13    God:    Ignis [*****.]
Gold:   38         SH:  5    Dex:  7    Spells: 2/2 levels left

rFire   . . .      SeeInvis .   a - -1 spear (flame)
rCold   + . .      Faith    .   h - +0 kite shield
rNeg    + + +      Spirit   .   b - +0 robe
rPois   ∞          Reflect  .   (no helmet)
rElec   .          Harm     .   (no cloak)
rCorr   .          Rampage  .   e - +0 pair of gloves
Will    .....                   (no boots)
Stlth   +.........              (no amulet)
HPRegen 0.06/turn               c - ring of flight
MPRegen 0.08/turn               (no ring)

@: flying
A: cold resistance 1, negative energy resistance 3, torment resistance 2, heat
vulnerability 1, no potions
a: Renounce Religion, Fiery Armour, Foxfire Swarm, Rising Flame


You were on level 2 of the Dungeon.
You worshipped Ignis.
Ignis was extremely pleased with you.
You visited 1 branch of the dungeon, and saw 2 of its levels.

You collected 38 gold pieces.

Inventory:

Hand Weapons
 a - a -1 spear of flaming (weapon)
Armour
 b - a +0 robe (worn)
 e - a +0 pair of gloves (worn)
 h - a +0 kite shield (worn)
Jewellery
 c - a ring of flight (left hand)
Scrolls
 f - a scroll of noise {unknown}
 g - a scroll of fog
Potions
 d - a potion of berserk rage {unknown}


   Skills:
 + Level 3.3 Fighting
 + Level 2.5 Polearms
 + Level 1.3 Spellcasting
 + Level 2.5 Fire Magic


You had 2 spell levels left.
You didn't know any spells.
Your spell library contained the following spells:

 Spells                   Type           Power      Damage    Failure   Level
 Scorch                   Fire           14%        2d5       47%         2


Dungeon Overview and Level Annotations

Branches:
Dungeon (2/15)

Altars:


Innate Abilities, Weirdness & Mutations

You are immune to poison.
Your flesh is cold resistant. (rC+)
You are immune to negative energy. (rN+++)
You are immune to unholy pain and torment.
You are vulnerable to heat. (rF-)
You do not drink.


Message History

The hobgoblin is moderately wounded.
The hobgoblin hits you but does no damage.
You hit the hobgoblin. You burn the hobgoblin.
You kill the hobgoblin!
You reach down and open the door.
A ball python comes into view.
The ball python hisses angrily.
You block the ball python's attack. x2
You barely miss the ball python. The ball python barely misses you.
You block the ball python's attack.
You hit the ball python. You burn the ball python.
You kill the ball python!
There is an open door here.
You see here a ball python corpse.
A quokka comes into view.
You completely miss the quokka.
The quokka bites you but does no damage. x2
You closely miss the quokka. The quokka bites you.
You hit the quokka. You burn the quokka.
The quokka is severely wounded.
The quokka bites you but does no damage.
You hit the quokka. You burn the quokka.
You kill the quokka!
You see here a quokka corpse.
A gnoll comes into view. It is wielding a +0 spear.
The gnoll shouts!
A gnoll comes into view. It is wielding a +0 spear.
There is a large open door here.
A frilled lizard comes into view.
The frilled lizard hisses angrily.
The gnoll shouts!
There is a large open door here.
The gnoll completely misses you.
You barely miss the gnoll.
The gnoll hits you from afar with a +0 spear.
The gnoll hits you with a +0 spear.
You barely miss the gnoll. The gnoll hits you with a +0 spear.
The frilled lizard bites you.
* * * LOW HITPOINT WARNING * * *
The gnoll hits you from afar with a +0 spear.
You die...

## ###. #... #.#. #.#.
#.#. #################
#.##
#.....l..##.....#####..†
'.....g@.''.†...†......>
#........##.....#######.
#.....g..##.....# #.
#........##.....# #.
#........######## #.
#........# ## ##########


You could see 2 gnolls and a frilled lizard.

Vanquished Creatures
  A ball python (D:2)
  2 hobgoblins
  A quokka (D:2)
  2 frilled lizards
  A kobold (D:1)
7 creatures vanquished.

Notes
Turn   | Place    | Note
-------+----------+-------------------------------------------
     0 | D:1      | joe1234567 the Mummy Cinder Acolyte began the quest for the
                  | Orb.
     0 | D:1      | Reached XP level 1. HP: 18/18 MP: 2/2
   196 | D:1      | Found a faded altar of an unknown god.
   524 | D:2      | Slain by a gnoll

Illustrated notes

Levels and vault maps discovered:
D:1:      dpeg_arrival_castle, layout_rooms,
          hellmonk_ecumenical_altar_pennies_from_heaven, minmay_pentomino_s4
D:2:      layout_basic, grunt_decor_mini_mirrors

Action                   || total
-------------------------++-------
Melee: Spear             ||    31
  Use: Scroll            ||     1
Armor: Robe              ||     8
Dodge: Dodged            ||    16
Block: Kite shield       ||     5

Table legend: (Time is in decaauts)
 A = Elapsed time spent in this place.
 B = Non-inter-level travel time spent in this place.
 C = Inter-level travel time spent in this place.
 D = Time resting spent in this place.
 E = Time spent auto-exploring this place.
 F = Levels seen in this place.
 G = Mean time per level.
                   A        B        C        D        E       F      G
               +--------+--------+--------+--------+--------+-----+--------+
         Total |    526 |    525 |      1 |      0 |      0 |   2 |  263.0 |
       Dungeon |    526 |    525 |      1 |      0 |      0 |   2 |  263.0 |
               +--------+--------+--------+--------+--------+-----+--------+

Top non-repeatable levels by time:
     D:1: 413 daAuts
     D:2: 112 daAuts
